 Dungeon Crawl Stone Soup version 0.27-a0-1513-g2aaa0cc67b (webtiles) character file.

Game seed: 10520884788024096351

53 blackman the Chopper (level 4, -1/35 HPs)
             Began as a Human Fighter on July 9, 2021.
             Slain by Robin (10 damage)
             ... on level 2 of the Dungeon.
             The game lasted 00:02:28 (1020 turns).

blackman the Chopper (Human Fighter)                Turns: 1020, Time: 00:02:28

Health: -1/35      AC:  6    Str: 17    XL:     4   Next: 10%
Magic:  4/4        EV:  7    Int:  8    God:
Gold:   95         SH:  9    Dex: 13    Spells: 3/3 levels left

rFire    . . .     SeeInvis +   a - +0 war axe
rCold    . . .     Faith    .   c - +0 kite shield
rNeg     . . .     Spirit   .   b - +0 scale mail
rPois    .         Reflect  .   (no helmet)
rElec    .         Harm     .   (no cloak)
rCorr    .         Rampage  .   (no gloves)
Will     .....                  (no boots)
Stlth    ..........             (no amulet)
HPRegen  0.11/turn              g - ring of see invisible
MPRegen  0.09/turn              (no ring)

@: no status effects
A: no striking features
a: no special abilities


You were on level 2 of the Dungeon.
You visited 1 branch of the dungeon, and saw 2 of its levels.

You collected 95 gold pieces.

Inventory:

Hand Weapons
 a - a +0 war axe (weapon)
 h - a +0 hunting sling
Armour
 b - a +0 scale mail (worn)
 c - a +0 kite shield (worn)
 l - a scarf of invisibility
Jewellery
 g - a ring of see invisible (left hand)
Scrolls
 e - 2 scrolls of identify
 f - a scroll of enchant armour
 i - a scroll of magic mapping {unknown}
 j - a scroll of teleportation {unknown}
 k - a scroll of fear {unknown}
Potions
 d - a potion of might


   Skills:
 - Level 3.0 Fighting
 * Level 4.1 Axes
 - Level 3.0 Armour
 - Level 3.0 Shields


You had 3 spell levels left.
You didn't know any spells.
Your spell library contained the following spells:

 Spells                   Type           Power      Damage    Failure   Level
 Passwall                 Tmut/Erth      0%         N/A       100%        2
 Swiftness                Air            0%         N/A       100%        3
 Invisibility             Hex            0%         N/A       100%        6


Dungeon Overview and Level Annotations

Branches:
Dungeon (2/15)

Altars:

Annotations:
D:2 Robin


Message History

The kobold shouts!
You are too injured to fight recklessly!
You block the kobold's attack.
You hit the kobold.
You kill the kobold!
Things that are here:
a +0 dagger; a kobold corpse
Things that are here:
a +0 dagger; a kobold corpse You see here a scarf of invisibility.
l - a scarf of invisibility You start putting on your armour.
You continue putting on your scarf of invisibility. x2
You feel a little less mighty now.
You continue putting on your scarf of invisibility. x2
You finish putting on your scarf of invisibility.
You become transparent for a moment.
Robin of the Strong Arm comes into view.
They are wielding a +3 mace of protection.
Robin is nearby!
Robin is nearby!
Robin shouts!
You start removing your armour.
You continue taking off your scarf of invisibility. x3
Robin hits you with a +3 mace of protection!
You continue taking off your scarf of invisibility.
You block Robin's attack.
You finish taking off your scarf of invisibility.
You hit Robin.
Robin is moderately wounded.
Robin hits you but does no damage.
You hit Robin but do no damage.
Robin is moderately wounded.
Robin hits you with a +3 mace of protection!
* * * LOW HITPOINT WARNING * * *
Robin barely misses you.
You hit Robin but do no damage.
Robin is moderately wounded.
Robin barely misses you.
Robin hits you with a +3 mace of protection!
You die...

......................
##.####.######)##.##.#
# #.#............#.
..#.##.......... ####
#........#. #........#
. #........#...
#....g.......
#....@..#.##
#.......#.# #########


You could see Robin.

Vanquished Creatures
  A dart slug (D:2)
  2 bats (D:1)
  An endoplasm (D:1)
  3 giant cockroaches (D:1)
  11 goblins
  7 hobgoblins
  4 jackals (D:1)
  5 kobolds
  2 quokkas (D:1)
  4 frilled lizards (D:1)
  2 rats (D:1)
42 creatures vanquished.

Notes
Turn   | Place    | Note
-------+----------+-------------------------------------------
     0 | D:1      | blackman the Human Fighter began the quest for the Orb.
     0 | D:1      | Reached XP level 1. HP: 18/18 MP: 1/1
    83 | D:1      | Reached XP level 2. HP: 19/24 MP: 2/2
   204 | D:1      | Reached skill level 3 in Axes
   306 | D:1      | Found a faded altar of an unknown god.
   315 | D:1      | Reached XP level 3. HP: 22/29 MP: 3/3
   909 | D:2      | Reached skill level 4 in Axes
   909 | D:2      | Reached XP level 4. HP: 18/35 MP: 4/4
  1010 | D:2      | Noticed Robin
  1020 | D:2      | Slain by Robin

Illustrated notes

Levels and vault maps discovered:
D:1:      psy_arrival_statuary, layout_rooms,
          hellmonk_ecumenical_altar_dog_temple, minmay_bisected
D:2:      layout_basic, serial_shops, shop, uniq_robin, uniq_natasha,
          uniq_terence

Skill      XL: |  1  2  3 |
---------------+----------+-----
Axes           | 3 4 |  4.1
Fighting       | |  3.0
Armour         | |  3.0
Shields        | |  3.0

Action                   |  1- 3 |  4- 6 || total
-------------------------+-------+-------++-------
Melee: War axe           |    97 |     8 ||   105
  Use: Scroll            |     1 |       ||     1
       Potion            |     1 |       ||     1
Armor: Scale mail        |    52 |     2 ||    54
Dodge: Dodged            |    31 |     4 ||    35
Block: Kite shield       |    61 |     2 ||    63

Table legend: (Time is in decaauts)
 A = Elapsed time spent in this place.
 B = Non-inter-level travel time spent in this place.
 C = Inter-level travel time spent in this place.
 D = Time resting spent in this place.
 E = Time spent auto-exploring this place.
 F = Levels seen in this place.
 G = Mean time per level.
                   A        B        C        D        E       F      G
               +--------+--------+--------+--------+--------+-----+--------+
         Total |   1079 |   1049 |     30 |      0 |    777 |   2 |  539.5 |
       Dungeon |   1079 |   1049 |     30 |      0 |    777 |   2 |  539.5 |
               +--------+--------+--------+--------+--------+-----+--------+

Top non-repeatable levels by time:
     D:1: 905 daAuts
     D:2: 174 daAuts
